 Dungeon Crawl Stone Soup version 0.22-a0-480-g991dd4b (webtiles) character file.

136 KillYourself the Chopper (level 4, -5/63 HPs)
             Began as a Minotaur Berserker on June 16, 2018.
             Was a Believer of Trog.
             Killed from afar by an orc wizard (9 damage)
             ... with a puff of flame
             ... on level 3 of the Dungeon.
             The game lasted 00:07:00 (2177 turns).

KillYourself the Chopper (Minotaur Berserker)       Turns: 2177, Time: 00:07:01

Health: -5/63      AC:  3    Str: 27    XL:     4   Next: 98%
Magic:  3/3        EV: 12    Int:  4    God:    Trog [**....]
Gold:   92         SH:  0    Dex: 10    Spells: 3/3 levels left

rFire    . . .     SeeInvis .   j - +0 battleaxe
rCold    . . .     Gourm    .   (shield currently unavailable)
rNeg     . . .     Faith    .   b - +0 animal skin
rPois    .         Spirit   .   (helmet restricted)
rElec    .         Reflect  .   (no cloak)
rCorr    .         Harm     .   e - +0 pair of gloves
MR       ++...                  (no boots)
Stlth    ..........             (no amulet)
HPRegen  1.20/turn              (no ring)
MPRegen  0.08/turn              (no ring)

@: berserking, regenerating, very quick
A: retaliatory headbutt, horns 2
a: Berserk, Trog's Hand, Renounce Religion


You were on level 3 of the Dungeon.
You worshipped Trog.
Trog was pleased with you.
You were hungry.

You visited 1 branch of the dungeon, and saw 3 of its levels.

You collected 92 gold pieces.

Inventory:

Hand Weapons
 a - a +0 hand axe
 j - a +0 battleaxe (weapon)
Armour
 b - a +0 animal skin (worn)
 e - a +0 pair of gloves (worn)
Jewellery
 g - a cursed ring of loudness
Scrolls
 d - a scroll of remove curse {unknown}
 f - 4 scrolls of identify
Potions
 i - a potion of haste {unknown}
 k - a potion of agility {unknown}
Comestibles
 c - 3 rations
 h - a chunk of flesh


   Skills:
 + Level 5.0 Fighting
 + Level 5.3 Axes
 + Level 2.6 Armour
 + Level 2.9 Dodging
 + Level 0.2 Stealth


You had 3 spell levels left.
You didn't know any spells.
Your spell library was empty.

Dungeon Overview and Level Annotations

Branches:
Dungeon (3/15)

Altars:
Dithmenos
Gozag
Kikubaaqudgha
Wu Jian


Innate Abilities, Weirdness & Mutations

You reflexively headbutt those who attack you in melee.
You have a pair of horns on your head.


Message History

The orc wizard is heavily wounded.
The orc wizard barely misses you. The orc wizard casts a spell at you.
The puff of flame misses you.
You hit the orc wizard.
The orc wizard is severely wounded.
The orc wizard barely misses you.
The orc wizard hits you but does no damage.
Your skin crawls.
You feel resistant to hostile enchantments.
You feel somewhat more hungry. The orc wizard barely misses you.
You furiously retaliate!
You headbutt the orc wizard. The orc wizard hits you with a dagger.
* * * LOW HITPOINT WARNING * * *
A red film seems to cover your vision as you go berserk!
You feel yourself moving faster!
You feel mighty!
You are feeling hungry.
The orc wizard casts a spell at you. The puff of flame hits you!
You die...

....# #.#.#####
[........ #........
......... #. #..(..... .
###[o......
##############..@.......
....#.....((..)######...
......########.....).
.####.#..... ........
..........# ######...
.########## .. .....# #
####.... ##


You could see an orc wizard.

Vanquished Creatures
  An orc priest (D:3)
  5 adders (D:2)
  2 leopard geckos
  2 orcs (D:3)
  5 bats
  3 giant cockroaches
  8 goblins
  10 hobgoblins
  3 jackals (D:2)
  2 kobolds (D:2)
  3 quokkas
  A ball python (D:1)
  A frilled lizard (D:2)
  7 rats
53 creatures vanquished.

Notes
Turn   | Place    | Note
-------+----------+-------------------------------------------
     0 | D:1      | KillYourself the Minotaur Berserker began the quest for the Orb.
     0 | D:1      | Reached XP level 1. HP: 19/19 MP: 0/0
   263 | D:1      | Reached XP level 2. HP: 27/27 MP: 1/1
   890 | D:2      | Reached XP level 3. HP: 22/33 MP: 2/2
  1205 | D:2      | Reached ** piety under Trog
  1499 | D:2      | Reached XP level 4. HP: 34/41 MP: 3/3
  1504 | D:2      | Found an opulent altar of Gozag.
  1506 | D:2      | Found an ornate altar of the Wu Jian Council.
  1509 | D:2      | Found an ancient bone altar of Kikubaaqudgha.
  1737 | D:2      | Reached skill level 5 in Axes
  1769 | D:2      | Found a shadowy altar of Dithmenos.
  2171 | D:3      | Reached skill level 5 in Fighting
  2171 | D:3      | HP: 2/42 [orc wizard/dagger (5)]
  2176 | D:3      | HP: 2/42 [orc wizard/dagger (1)]
  2177 | D:3      | Killed from afar by an orc wizard

Vault maps used:
D:1:      dpeg_arrival_prison
D:2:      minmay_overflow_temple_star_quad, lemuel_statue_altar
D:3:      first_ration, uniq_grinder

Skill      XL: |  1  2  3  4 |
---------------+-------------+-----
Fighting       | 4 5 |  5.0
Axes           | 4 5 |  5.3
Armour         | |  2.6
Dodging        | |  2.9
Stealth        | |  0.2

Action                   |  1- 3 |  4- 6 || total
-------------------------+-------+-------++-------
Melee: Hand axe          |    73 |     8 ||    81
       Headbutt          |    11 |    12 ||    23
       Battleaxe         |       |    26 ||    26
Invok: Berserk           |       |     1 ||     1
       Trog's Hand       |       |     1 ||     1
  Use: Scroll            |     3 |       ||     3
       Potion            |     1 |       ||     1
  Eat: Chunk             |     2 |     2 ||     4
Armor: Animal skin       |     7 |     8 ||    15
Dodge: Dodged            |    54 |    30 ||    84

Table legend:
 A = Spawn XP
 B = Non-spawn XP
 C = Spawn XP percentage of total XP
 D = Spawn monster count
 E = Non-spawn monster count
 F = Spawn count percentage of total count
 G = Total turns spent on level
                    A         B        C        D         E        F      G
               +---------+---------+-------+---------+---------+-------+---------
         Total |       0 |     195 |   0.0 |       0 |      53 |   0.0 |  2177
               +---------+---------+-------+---------+---------+-------+---------
           D:1 |       0 |      24 |   0.0 |       0 |      15 |   0.0 |   877
           D:2 |       0 |     113 |   0.0 |       0 |      30 |   0.0 |  1231
           D:3 |       0 |      58 |   0.0 |       0 |       8 |   0.0 |    69
               +---------+---------+-------+---------+---------+-------+---------
